AoeStats
← :::::Will:::::

Arabia

507530442Analyzed
1v1 RM · 15d ago on Sep 18, 2026· 22m 16s· 2 players
Game mode
Random Map
Map size
Tiny (2 player)
Population
200
Speed
Normal
Resources
Standard
Victory
Conquest
Starting age
Dark Age
Ending age
Imperial Age
RankedLock teamsTeams togetherTeam positionsShared explorationLock speedFull tech treeHidden civsTurbo modeCheats
Victory
Defeat
🇵🇾 Vietnamese · Paraguay
474
+4
🇫🇷 Sicilians · France
145
-4
Valahryan
0:28 Loom
16:43 Feudal Age
17:18 Gold Mining
17:36 Horse Collar
19:20 Stone Mining
21:42 Double-Bit Axe
:::::Will:::::
1:55 Loom
11:06 Feudal Age
11:41 Double-Bit Axe
13:45 Wheelbarrow
12:58 Horse Collar
16:46 Gold Mining
17:45 Town Watch
19:29 Forging
19:14 Fletching
22:25 Castle Age
20:02 Man-at-Arms
20:30 Arson
Connection lost

Rejoining the realm…

Still unreachable

The connection could not be restored.

Session expired

The server has moved on; the page needs a fresh start.